 Dungeon Crawl Stone Soup version 0.31.0-9-g3a7656b989 (webtiles) character file.

Game seed: 16506400284676995273

135 qw the Skirmisher (level 4, 0/25 HPs)
             Began as a Deep Elf Hunter on Feb 2, 2024.
             Slain by a gnoll
             ... wielding a +0 spear
             ... led by a gnoll bouda
              (3 damage)
             ... on level 4 of the Dungeon.
             The game lasted 00:00:10 (1654 turns).

qw the Skirmisher (Deep Elf Hunter)                 Turns: 1654, Time: 00:00:11

Health: 0/25       AC:  9    Str: 10    XL:     4   Next: 97%
Magic:  6/6        EV: 14    Int: 14    God:
Gold:   174        SH:  0    Dex: 18    Spells: 3/3 levels left

rFire   . . .        j - +1 orcbow
rCold   . . .        (shield currently unavailable)
rNeg    + . .        p - +0 scale mail
rPois   +            (no helmet)
rElec   .            g - +0 cloak
rCorr   .            d - +1 pair of gloves
SInv    .            (no boots)
Will    .....        (no amulet)
Stlth   +            f - ring of Qothech {rPois rN+}
HPRegen 0.24/turn    m - +5 ring of evasion
MPRegen 0.10/turn

%: no passive effects
@: weakened
A: no striking features
a: no special abilities


You were on level 4 of the Dungeon.
You visited 1 branch of the dungeon, and saw 4 of its levels.

You collected 174 gold pieces.


   Skills:
 - Level 1.5 Fighting
 - Level 8.1 Ranged Weapons
 + Level 0.9 Armour
 - Level 2.4 Dodging
 - Level 1.2 Stealth


You had 3 spell levels left.
You didn't know any spells.
Your spell library was empty.

Inventory:

Hand Weapons
 j - a +1 orcbow (weapon)
Armour
 d - a +1 pair of gloves (worn)
 g - a +0 cloak (worn)
 p - a +0 scale mail (worn)
Jewellery
 f - the ring of Qothech (left hand) {rPois rN+}
   (You acquired it on level 1 of the Dungeon)

   [ring of positive energy]

   rPois:     It protects you from poison rN+: It protects you from negative
   energy.
 m - a +5 ring of evasion (right hand)
Scrolls
 c - a scroll of teleportation
Potions
 a - 2 potions of invisibility {unknown}
 b - a potion of enlightenment {unknown}
 e - a potion of resistance {unknown}
 h - a potion of cancellation {unknown}
 i - a potion of experience {unknown}
 k - a potion of ambrosia {unknown}
 l - a potion of berserk rage {unknown}
 n - a potion of brilliance {unknown}

Dungeon Overview and Level Annotations

Branches:
Dungeon (4/15)
 Temple: D:4-7

Altars:
Ashenzari
Makhleb

Shops:
D:2 (


Message History

The gnoll attacks as it pursues you! The gnoll misses you.
The gnoll hits you from afar with a +0 spear.
Enter note:
1646 ||| RETREEEEATING.
The gnoll attacks as it pursues you! The gnoll hits you with a +0 club.
The gnoll bouda gazes fiercely through you!
You feel as though you will be weak longer.
Enter note:
1647 ||| RETREEEEATING.
The gnoll attacks as it pursues you! The gnoll hits you with a +0 club.
The gnoll hits you but does no damage.
Enter note:
1648 ||| RETREEEEATING.
The gnoll bouda gazes fiercely through you!
You feel as though you will be weak longer.
The gnoll hits you from afar with a +0 spear.
Enter note:
1649 ||| RETREEEEATING.
The gnoll misses you.
The gnoll bouda gazes fiercely through you!
You feel as though you will be weak longer.
Enter note:
1650 ||| RETREEEEATING.
The gnoll throws a throwing net.
The throwing net closely misses you.
Enter note:
1651 ||| RETREEEEATING.
The gnoll hits you but does no damage.
Enter note:
1652 ||| RETREEEEATING.
The gnoll is no longer moving quickly.
The gnoll attacks as it pursues you! The gnoll hits you with a +0 club.
You shoot an arrow. The arrow hits the gnoll!
You kill the gnoll!
The gnoll is no longer moving quickly.
The gnoll barely misses you.
You shoot an arrow. The arrow hits the gnoll!
The gnoll is severely wounded.
The gnoll is no longer moving quickly.
The gnoll hits you from afar with a +0 halberd!
The gnoll hits you from afar with a +0 spear.
You die...

#### #....#..##
#........# #.......>#
###.############
##.#####..#...#.
#..#......%........
#..#...(..........
#..#.......P....## .
#..#@..PP..P._...###.
#.>##).PP..P.........
#..##ggPP..PPPP...... #
#...gg.PP.........#
#.##..g.g.PP.........##.
#.....g...PPPPPPP.......
#.........PPPPPPP.......
#.###...............###.
+ #..............###


You could see 3 gnolls and a hobgoblin.

Vanquished Creatures
  2 gnolls (D:4)
  3 adders (D:3)
  A dart slug (D:2)
  2 ribbon worms
  8 endoplasms
  3 giant cockroaches
  7 goblins
  5 hobgoblins
  6 jackals (D:1)
  2 quokkas
  10 ball pythons
  5 bats
  15 frilled lizards
  7 kobolds
  8 rats
84 creatures vanquished.

Notes
Turn   | Place    | Note
-------+----------+-------------------------------------------
     0 | D:1      | qw the Deep Elf Hunter began the quest for the Orb.
     0 | D:1      | Reached XP level 1. HP: 12/12 MP: 3/3
     0 | D:1      | 0 ||| qw: Version: 0.3-a-155-g5e7d8dd
     0 | D:1      | 0 ||| qw: Game counter: 733
     0 | D:1      | 0 ||| qw: Melee chars always use a shield: true
     0 | D:1      | 0 ||| qw: God list: Okawaru
     0 | D:1      | 0 ||| qw: Allow faded altars: false
     0 | D:1      | 0 ||| qw: Do Orc after clearing Dungeon:15 true
     0 | D:1      | 0 ||| qw: Do second Lair branch before Depths: true
     0 | D:1      | 0 ||| qw: Lair rune preference: random
     0 | D:1      | 0 ||| qw: Goals: Normal
     0 | D:1      | 0 ||| PLANNING D:1-11
    38 | D:1      | Reached XP level 2. HP: 8/16 MP: 4/4
    86 | D:1      | Reached skill level 6 in Ranged Weapons
   327 | D:1      | Reached XP level 3. HP: 20/20 MP: 5/5
   486 | D:1      | 486 ||| UPGRADING to +0 pair of gloves.
   491 | D:1      | 491 ||| UPGRADING to +0 cloak.
   496 | D:1      | 496 ||| READING scroll labelled ABBUNE UCWA.
   496 | D:1      | Identified a scroll of acquirement
   496 | D:1      | 496 ||| ACQUIRING ring of Qothech {rPois rN+}
   496 | D:1      | Acquired the ring of Qothech {rPois rN+}
   498 | D:1      | 498 ||| UPGRADING to ring of Qothech {rPois rN+}.
   499 | D:1      | 499 ||| READING 3 scrolls labelled KOGUAKA XAAWE.
   500 | D:1      | 500 ||| READING scroll labelled NIHIRA HEHESH.
   500 | D:1      | 500 ||| ENCHANTING +0 pair of gloves.
   501 | D:1      | 501 ||| READING scroll labelled YQIYH QEOTOM.
   505 | D:1      | 505 ||| DROPPING scroll of butterflies.
   506 | D:1      | 506 ||| DROPPING 2 scrolls of fog.
   535 | D:2      | 535 ||| STAIRDANCE
   546 | D:2      | 546 ||| STAIRDANCE
   562 | D:2      | 562 ||| STAIRDANCE
   685 | D:2      | 685 ||| SWAPPING to +0 orcbow.
   686 | D:2      | 686 ||| DROPPING +0 shortbow.
   693 | D:2      | Found Cugheoro's Antique Weapon Boutique.
   729 | D:2      | Reached skill level 7 in Ranged Weapons
  1031 | D:2      | Reached XP level 4. HP: 25/25 MP: 6/6
  1088 | D:2      | 1088 ||| READING scroll labelled LUEXZAK VAEVEORGH.
  1089 | D:2      | 1089 ||| READING scroll labelled JEXTEQ FODOU.
  1130 | D:3      | Found a broken altar of Ashenzari.
  1396 | D:3      | Reached skill level 8 in Ranged Weapons
  1573 | D:3      | 1573 ||| UPGRADING to +0 scale mail.
  1583 | D:3      | 1583 ||| DROPPING +0 leather armour.
  1584 | D:3      | 1584 ||| UPGRADING to +5 ring of evasion.
  1585 | D:3      | 1585 ||| READING scroll labelled BEFEHO HENK.
  1585 | D:3      | 1585 ||| ENCHANTING +0 orcbow.
  1586 | D:3      | 1586 ||| READING scroll labelled VEQOIBROOCI.
  1616 | D:4      | Found a burning altar of Makhleb.
  1643 | D:4      | 1643 ||| RETREEEEATING.
  1644 | D:4      | 1644 ||| RETREEEEATING.
  1645 | D:4      | 1645 ||| RETREEEEATING.
  1646 | D:4      | 1646 ||| RETREEEEATING.
  1647 | D:4      | 1647 ||| RETREEEEATING.
  1648 | D:4      | 1648 ||| RETREEEEATING.
  1649 | D:4      | 1649 ||| RETREEEEATING.
  1650 | D:4      | 1650 ||| RETREEEEATING.
  1651 | D:4      | 1651 ||| RETREEEEATING.
  1652 | D:4      | 1652 ||| RETREEEEATING.
  1654 | D:4      | HP: 3/25 [gnoll/+0 halberd[a gnoll bouda] (12)]
  1654 | D:4      | Slain by a gnoll

Levels and vault maps discovered:
D:1:      dpeg_arrival_line_fractal, layout_basic
D:2:      layout_basic, serial_shops, shop, minmay_fountain_box,
          minmay_lizard_king
D:3:      layout_rooms, evilmike_ruin_ashenzari, minmay_misc_feat_ornament
D:4:      layout_gridville, nicolae_overflow_hidden_temple,
          mainiacjoe_overflow_chevrons, mainiacjoe_overflow_brackets,
          gammafunk_temple_overflow_elements, gammafunk_ghost_cemetery

Skill      XL: |  1  2  3  4 |
---------------+-------------+-----
Ranged Weapons | 6 7 8 |  8.1
Fighting       | |  1.5
Armour         | |  0.9
Dodging        | |  2.4
Stealth        | |  1.2

Action                     |  1- 3 |  4- 6 || total
---------------------------+-------+-------++-------
   Fire: Shortbow          |   104 |       ||   104
         Orcbow            |    46 |    65 ||   111
    Use: Scroll            |     4 |     4 ||     8
 Armour: Leather armour    |    49 |    16 ||    65
         Scale mail        |       |     9 ||     9
  Dodge: Dodged            |    65 |    16 ||    81

Table legend:
 A = Non-vault XP
 B = Vault XP
 C = Vault XP percentage of total XP
 D = Non-vault monster count
 E = Vault monster count
 F = Vault count percentage of total count
                 A         B        C        D         E       F
            +---------+---------+-------+---------+---------+-------
      Total |     184 |      10 |   5.2 |      74 |      10 |  11.9
            +---------+---------+-------+---------+---------+-------
        D:1 |      54 |       0 |   0.0 |      35 |       0 |   0.0
        D:2 |      34 |      10 |  22.7 |      19 |      10 |  34.5
        D:3 |      66 |       0 |   0.0 |      17 |       0 |   0.0
        D:4 |      30 |       0 |   0.0 |       3 |       0 |   0.0
            +---------+---------+-------+---------+---------+-------
